 Dungeon Crawl Stone Soup version 0.31-a0-1225-g50297eb6a4 (webtiles) character file.

Game seed: 2429479555441622872

602559 kae the Axe Maniac (level 27, -14/228 HPs)
             Began as a Hill Orc Fighter on Dec 14, 2023.
             Was the Champion of Qazlal.
             Demolished by an Orb Guardian (26 damage)
             ... on level 5 of the Realm of Zot.
             The game lasted 00:57:21 (49615 turns).

kae the Axe Maniac (Hill Orc Fighter)              Turns: 49615, Time: 00:57:22

Health: -14/228    AC: 38    Str: 49    XL:     27
Magic:  38/38      EV:  8    Int:  3    God:    Qazlal [******]
Gold:   6476       SH:  0    Dex: 10    Spells: 26/26 levels left

rFire   + . .        a - +9 war axe (elec) {!w}
rCold   + . .        q - +7 tower shield of Ruudam {rElec Will+ Str+8}
rNeg    . . .        X - +10 plate armour {Will+}
rPois   +            (helmet restricted)
rElec   +            c - +4 dragonskin cloak
rCorr   +            H - +2 pair of gloves of Duck's Teeth {Regen+ Str+2}
SInv    .            z - +2 pair of boots
Will    +++++        p - amulet "Pautecij" {Reflect -Cast Harm rPois rF+ SH+5} Stlth
                     r - ring of willpower
HPRegen 0.00/turn    K - ring of Awe {rPois rC+ rCorr Str+6 Int-3}
MPRegen 0.26/turn

%: no spellcasting, harm (+30% outgoing, +20% incoming), repel missiles,
reflection, clarity
@: about to teleport, marked, protected from physical damage, corroded, held,
inhibited regen, studying 2 skills
A: horns 1, clarity, deformed body, dopey 1, frail 1, shaggy fur 1, inhibited
regeneration, wild magic 1, inability to drink after injury 1
}: 3/15 runes: barnacled, silver, gossamer
a: Renounce Religion, Upheaval, Elemental Force, Disaster Area


You were on level 5 of the Realm of Zot.
You worshipped Qazlal.
Qazlal was exalted by your worship.
You visited 9 branches of the dungeon, and saw 45 of its levels.
You also visited: Bailey, Gauntlet and Ice Cave.

You collected 7920 gold pieces.
You spent 1444 gold pieces at shops.


Innate Abilities, Weirdness & Mutations

You have a pair of small horns on your head.
You possess an exceptional clarity of mind.
Armour fits poorly on your strangely shaped body.
You are dopey. (Int -2)
You are frail. (-10% HP)
You are covered in fur. (AC +1)
You do not regenerate when monsters are visible.
Your spells are a little harder to cast, but a little more powerful.
You occasionally lose the ability to drink potions when taking damage.


   Skills:
 + Level 22.0 Fighting
 O Level 27 Axes
 + Level 20.8 Armour
 + Level 17.9 Dodging
 + Level 21.5 Shields
 + Level 23.8 Invocations
 - Level 8.0 Evocations


You had 26 spell levels left.
You didn't know any spells.
Your spell library contained the following spells:

 Spells                   Type           Power      Damage    Failure   Level
 Apportation              Tloc           0%         N/A       91%         1
 Foxfire                  Conj/Fire      0%         2x1d4     91%         1
 Freeze                   Ice            0%         1d3       91%         1
 Kiss of Death            Conj/Necr      0%         2d5       91%         1
 Magic Dart               Conj           0%         1d3       91%         1
 Necrotise                Necr           0%         1d4       91%         1
 Shock                    Conj/Air       0%         1d3       91%         1
 Cigotuvi's Dreadful Rot  Necr/Pois/Air  0%         N/A       97%         2
 Ensorcelled Hibernation  Hex/Ice        0%         N/A       97%         2
 Jinxbite                 Hex            0%         N/A       97%         2
 Passwall                 Tmut/Erth      0%         N/A       97%         2
 Poisonous Vapours        Pois/Air       0%         N/A       97%         2
 Searing Ray              Conj           0%         2d4       97%         2
 Static Discharge         Conj/Air       0%         3-3/arc   97%         2
 Confusing Touch          Hex            0%         N/A       99%         3
 Frozen Ramparts          Ice            0%         1d1       99%         3
 Gell's Gravitas          Tloc           0%         N/A       99%         3
 Hailstorm                Conj/Ice       0%         3d5       99%         3
 Inner Flame              Hex/Fire       0%         N/A       99%         3
 Mephitic Cloud           Conj/Pois/Air  0%         N/A       99%         3
 Ozocubu's Armour         Ice            0%         N/A       99%         3
 Swiftness                Air            0%         N/A       99%         3
 Teleport Other           Tloc           0%         N/A       99%         3
 Tukima's Dance           Hex            0%         N/A       99%         3
 Vampiric Draining        Necr           0%         2d6       99%         3
 Airstrike                Air            0%         2d(0-16)  100%        4
 Animate Armour           Summ/Erth      0%         N/A       100%        4
 Animate Dead             Necr           0%         N/A       100%        4
 Dimensional Bullseye     Hex/Tloc       0%         N/A       100%        4
 Dispel Undead            Necr           0%         3d6       100%        4
 Flame Wave               Conj/Fire      0%         2d4       100%        4
 Fulminant Prism          Conj/Hex       0%         3d5       100%        4
 Iskenderun's Mystic Bla  Conj/Tloc      0%         2d3       100%        4
 Leda's Liquefaction      Hex/Erth       0%         N/A       100%        4
 Petrify                  Tmut/Erth      0%         N/A       100%        4
 Sticky Flame             Conj/Fire      0%         2d3       100%        4
 Summon Ice Beast         Ice/Summ       0%         N/A       100%        4
 Summon Lightning Spire   Summ/Air       0%         N/A       100%        4
 Vhi's Electric Charge    Tloc/Air       0%         N/A       100%        4
 Agony                    Necr           0%         N/A       100%        5
 Alistair's Intoxication  Tmut/Pois      0%         N/A       100%        5
 Arcjolt                  Conj/Air       0%         1d10      100%        5
 Borgnjor's Vile Clutch   Necr/Erth      0%         N/A       100%        5
 Freezing Cloud           Conj/Ice/Air   0%         6-21      100%        5
 Lee's Rapid Deconstruct  Erth           0%         3d4*      100%        5
 Metabolic Englaciation   Hex/Ice        0%         N/A       100%        5
 Summon Forest            Summ/Tloc      0%         N/A       100%        5
 Summon Mana Viper        Hex/Summ       0%         N/A       100%        5
 Bombard                  Conj/Erth      0%         9d1       100%        6
 Death Channel            Necr           0%         N/A       100%        6
 Dispersal                Tloc           0%         N/A       100%        6
 Plasma Beam              Fire/Air       0%         2x1d10    100%        6
 Simulacrum               Ice/Necr       0%         N/A       100%        6
 Starburst                Conj/Fire      0%         6d3       100%        6
 Summon Cactus Giant      Summ           0%         N/A       100%        6
 Ozocubu's Refrigeration  Ice            0%         4d7       100%        7
 Maxwell's Capacitive Co  Air            0%         ∞         100%        8
 Chain Lightning          Conj/Air       0%         N/A       100%        9
 Fire Storm               Conj/Fire      0%         5d1       100%        9
 Polar Vortex             Ice            0%         N/A       100%        9
 Shatter                  Erth           0%         3d5*      100%        9

Inventory:

Hand Weapons
 a - a +9 war axe of electrocution (weapon) {!w}
   (You bought it in a shop on level 11 of the Dungeon)
 b - a +1 heavy war axe
Armour
 c - the +4 dragonskin cloak (worn)
   (You took it off Tiamat on level 4 of the Realm of Zot)

   Avatar's Aegis: It grants the wearer a chance to resist fire, cold, poison,
   electricity, acid, and negative energy.
 e - a +2 helmet of see invisible
   (You acquired it on level 4 of the Dungeon)
 h - a +2 cloak
   (You bought it in a shop on level 2 of the Orcish Mines)
 q - the +7 tower shield of Ruudam (worn) {rElec Will+ Str+8}
   (You found it in a bailey)

   Str+8:     It affects your strength (+8).
   rElec:     It insulates you from electricity.
   Will+:     It increases your willpower.
 z - a +2 pair of boots (worn)
   (You found it on level 4 of the Dungeon)
 H - the +2 pair of gloves of Duck's Teeth (worn) {Regen+ Str+2}
   (You found it on level 4 of the Spider Nest)

   Str+2:     It affects your strength (+2).
   Regen+:    It increases your rate of health regeneration.
 X - a +10 plate armour of willpower (worn)
   (You found it on level 3 of the Vaults)
Jewellery
 p - the amulet "Pautecij" (around neck) {Reflect -Cast Harm rPois rF+ SH+5}
   (You acquired it on level 4 of the Dungeon)

   [amulet of reflection]

   Reflect:   It reflects blocked missile attacks.
   rF+:       It protects you from fire.
   rPois:     It protects you from poison -Cast: It prevents spellcasting.
   SH+5:      It affects your SH (+5).
   Harm:      It increases damage dealt and taken.
 r - a ring of willpower (left hand)
   (You found it on level 3 of the Spider Nest)
 v - a ring of see invisible
   (You found it on level 6 of the Dungeon)
 C - a ring of ice
   (You found it on level 2 of the Dungeon)
 E - a +5 ring of evasion
   (You found it on level 9 of the Dungeon)
 K - the ring of Awe (right hand) {rPois rC+ rCorr Str+6 Int-3}
   (You found it on level 3 of the Depths)

   [ring of strength]

   Str+6:     It affects your strength (+6).
   Int-3:     It affects your intelligence (-3).
   rC+:       It protects you from cold.
   rPois:     It protects you from poison rCorr: It protects you from acid and
   corrosion.
 L - a ring of flight
   (You found it on level 3 of the Lair of Beasts)
 P - the ring "Gapucy" {rPois rN+}
   (You found it on level 1 of the Lair of Beasts)

   [ring of poison resistance]

   rPois:     It protects you from poison rN+: It protects you from negative
   energy.
 W - a ring of magical power
   (You found it on level 4 of the Lair of Beasts)
 Y - a +4 ring of slaying
   (You found it in an ice cave)
Wands
 f - a wand of acid (18)
   (You found it on level 1 of the Spider Nest)
 j - a wand of flame (78)
   (You found it on level 6 of the Dungeon)
 t - a wand of roots (55)
   (You found it on level 5 of the Dungeon)
 w - a wand of mindburst (32)
   (You found it on level 3 of the Lair of Beasts)
 G - a wand of digging (7)
   (You found it on level 4 of the Spider Nest)
 I - a wand of charming (39)
   (You found it on level 7 of the Dungeon)
 N - a wand of polymorph (16)
   (You found it on level 11 of the Dungeon)
Scrolls
 m - 9 scrolls of blinking {!r}
 o - 34 scrolls of teleportation {@r4}
 u - 5 scrolls of poison
 x - 7 scrolls of vulnerability {!r!r}
 y - 11 scrolls of fog
 D - a scroll of summoning
 J - 4 scrolls of revelation
 M - 2 scrolls of enchant weapon
 O - 11 scrolls of fear
Potions
 d - 11 potions of might
 g - 8 potions of brilliance
 i - 21 potions of curing {@q1}
 k - 3 potions of cancellation
 l - 3 potions of resistance
 n - 3 potions of lignification {!q}
 s - 6 potions of attraction {!q}
 A - 6 potions of haste {@q3}
 B - a potion of berserk rage {!q}
 F - 3 potions of enlightenment
 Q - 5 potions of heal wounds {@q2}
 R - 2 potions of mutation {!q}
 S - 7 potions of ambrosia
 U - 4 potions of invisibility
Miscellaneous
 T - a sack of spiders
   (You found it in an ice cave)
 V - a condenser vane
   (You found it on level 3 of the Lair of Beasts)
 Z - a phial of floods
   (You found it on level 4 of the Lair of Beasts)

Dungeon Overview and Level Annotations

Branches:
Dungeon (15/15) Zot: 25798  Temple (1/1) D:6 Zot: 5998    Lair (5/5) D:11 Zot: 23907
 Shoals (4/4) Lair:3 Zot: 20209  Spider (4/4) Lair:3 Zot: 19449   Slime (0/5) Lair:4
    Orc (2/2) D:12 Zot: 10412     Elf (0/3) Orc:2        Vaults (5/5) D:14 Zot: 23295
  Crypt (0/3) Vaults:2     Depths (4/4) D:15 Zot: 19148     Zot (5/5) Depths:4 Zot: 25098
 Bailey (visited)           IceCv (visited)         Gauntlet (visited)

Altars:
Ashenzari
Cheibriados
Dithmenos
Elyvilon
Fedhas
Gozag
Hepliaklqana
Kikubaaqudgha
Makhleb
Nemelex Xobeh
Okawaru
Qazlal
Ru
Sif Muna
Trog
Uskayaw
Vehumet
Wu Jian
Xom
Yredelemnul
Zin
The Shining One
Jiyva
Lugonu

Shops:
D:1 (   D:4 (   D:6 *   D:9 [*   D:11 *   D:12 [   D:15 *   Orc:1 *
Orc:2 :?![   Shoals:4 ?   Vaults:4 =   Depths:1 [

Portals:
Hell: Depths:1 Depths:2 Depths:3 Depths:4
Abyss: Zot:4 Depths:2 Depths:3
Pandemonium: Depths:2 Depths:3
Ziggurat: Depths:1

Annotations:
D:9 1 runed translucent door
Lair:1 2 transporters
Depths:4 4 transporters
Zot:4 8 transporters, Muataran's ghost, veteran MiMo

,,,,^,,,^,,*,,^,,,,,,,,,,,,,,,,,,
*,,,,,,,,,**,,,,,,^,,,,,,,,,,,,,,
**,,,,,,,***,,,,,,,,,,,,,,,,,^,,,
********* *,,,,,,,,,,,,,,,,,,,,,
**,,,,,,,,,,,,,,......
***,,,,,^,,,,,,......
****,,,,,,,,,......
#▓▓▓▓▓▓▓▓▓▓▓##X....▓
###XX@X{XXXXX.....^.?. *
##LX○X##d°y..z..y......
*##########...###..X..?.)†.......
.............###.....^....q......
............## #........[....^...
............# #.......).........
...........## #.................
...........# #.....^...........
...........## #.................


You could see a dread lich, a green draconian (berserk), a death cob, 11 Orb
Guardians and a moth of wrath.


Message History

You take 1 damage, and now have 77/228 hp.
Unknown command.
You slash the green draconian monk!
Lightning courses through the green draconian monk!!
You slice the Orb Guardian!! You completely miss something.
You hit the Orb Guardian but do no damage.
Lightning courses through the Orb Guardian!
You hit the green draconian. You block the Orb Guardian's attack.
The Orb Guardian is engulfed in freezing vapours.
You block the Orb Guardian's attack.
You hear some strange, mumbled words.
A crystal spear appears from out of thin air!
The crystal spear misses you.
The crystal spear hits the Killer Klown!!!!
The Killer Klown dies!
You block the green draconian's attack. x2
The green draconian monk barely misses you.
The green draconian monk kicks you but does no damage.
The green draconian monk closely misses you.
The green draconian monk tail-slaps you but does no damage.
The Orb Guardian hits you but does no damage.
The Orb Guardian is engulfed in freezing vapours.
The Orb Guardian hits you!!
* * * LOW HITPOINT WARNING * * *
You feel more protected from physical attacks. 😱 HP[-33]
You take 33 damage, and now have 44/228 hp.
Unknown command.
You closely miss the green draconian monk.
You slice the Orb Guardian!! You slash the green draconian!
Lightning courses through the green draconian!
You hit the Orb Guardian but do no damage.
You miss something.
Something touches you but does no damage.
The Orb Guardian hits you but does no damage.
The green draconian misses you.
The green draconian tail-slaps you but does no damage.
The green draconian monk is engulfed in freezing vapours.
The green draconian monk seems to slow down.
You block the green draconian monk's attack.
The green draconian monk kicks you!!
* * * LOW HITPOINT WARNING * * *
You feel more protected from physical attacks.
You block the green draconian monk's attack. x2
The Orb Guardian is engulfed in freezing vapours.
You block the Orb Guardian's attack.
An Orb Guardian comes into view.
You hear some strange, mumbled words.
A bolt of acid appears from out of thin air!
The bolt of acid misses you. 😱 HP[-25]
You take 25 damage, and now have 19/228 hp.
Unknown command.
Unknown command.
Blink to where?
Press: ? - help, Dir - move target
As you read the scroll of blinking {!r}, it crumbles to dust.
The Orb Guardian is engulfed in freezing vapours.
An Orb Guardian comes into view.
Qazlal accepts your kill.
You feel a bit more experienced.
Unknown command.
The Orb Guardian is engulfed in blazing flames.
The green draconian fails to trigger a net trap.
An Orb Guardian comes into view.
The Orb Guardian fails to trigger a net trap.
You see here a storm dragon corpse.
An Orb Guardian comes into view.
A dread lich comes into view.
The Orb Guardian rages.
An Orb Guardian comes into view.
As you read the scroll of teleportation {@r4}, it crumbles to dust.
You feel strangely unstable.
You feel the Orb delaying your translocation!
The Orb Guardian closely misses you.
An Orb Guardian comes into view.
You block the Orb Guardian's attack. x2
Unknown command.
Unknown command.
You feel much better. You block the Orb Guardian's attack.
The Orb Guardian rages.
An Orb Guardian comes into view.
The Orb Guardian fails to trigger a net trap.
You block the Orb Guardian's attack. x2
The green draconian rages. 😱 HP[+27]
You regained 27 hp, and now have 46/228 hp.
You slash the Orb Guardian! You hit the Orb Guardian.
You block the Orb Guardian's attack.
An Orb Guardian comes into view.
You block the Orb Guardian's attack. The Orb Guardian drops a net on you.
You become entangled in the net!
The Orb Guardian hits you but does no damage.
You struggle against the net.
A death cob comes into view.
An Orb Guardian comes into view.
The Orb Guardian hits you!!
* * * LOW HITPOINT WARNING * * *
The Orb Guardian hits you!!
You die...

Skill      XL: |  1  2  3  4  5  6  7  8  9 10 11 12 13 14 15 16 17 18 19 20 21 22 23 24 25 26 27 |
---------------+----------------------------------------------------------------------------------+-----
Axes           | 3 4 5 6 7 10 14 16 17 19 20 21 22 23 24 25 26 27 | 27.0
Fighting       | 4 5 6 10 12 14 15 16 17 18 19 20 21 22 | 22.0
Armour         | 4 5 6 9 12 13 14 15 16 17 18 19 20 | 20.8
Dodging        | 1 2 4 5 8 10 12 13 14 15 16 17 | 17.9
Shields        | 9 12 14 15 16 17 18 19 20 21 | 21.5
Invocations    | 9 14 15 16 18 19 20 21 22 23 | 23.8
Evocations     | 2 8 |  8.0

Action                     |  1- 3 |  4- 6 |  7- 9 | 10-12 | 13-15 | 16-18 | 19-21 | 22-24 | 25-27 || total
---------------------------+-------+-------+-------+-------+-------+-------+-------+-------+-------++-------
  Melee: War axe           |   104 |   121 |   239 |   316 |   632 |  1016 |  1163 |  1147 |   821 ||  5559
         Headbutt          |       |       |       |       |       |       |       |       |   138 ||   138
 Invoke: Upheaval          |       |       |       |     5 |     4 |       |       |     1 |       ||    10
         Disaster Area     |       |       |       |       |       |       |     1 |       |       ||     1
         Elemental Force   |       |       |       |       |       |       |       |     1 |       ||     1
  Evoke: Wand              |       |       |     7 |       |       |       |       |     1 |       ||     8
    Use: Scroll            |       |    10 |    11 |     5 |     2 |     9 |     2 |    12 |     3 ||    54
         Potion            |       |     2 |       |     1 |       |     1 |       |       |     5 ||     9
   Stab: Held in net/web   |       |       |       |       |       |       |     1 |       |       ||     1
         Distracted        |       |       |       |       |       |       |       |     9 |       ||     9
 Armour: Scale mail        |    52 |    67 |   116 |    95 |    16 |       |       |       |       ||   346
         Chain mail        |       |       |       |       |    34 |       |       |       |       ||    34
         Ring mail         |       |       |       |       |   103 |   242 |   251 |       |       ||   596
         Plate armour      |       |       |       |       |       |       |    33 |   297 |   370 ||   700
  Dodge: Dodged            |    40 |    54 |   103 |   118 |   140 |   358 |   233 |   215 |   150 ||  1411
         Repelled          |       |       |     1 |       |     4 |     6 |     5 |    16 |    13 ||    45
  Block: Buckler           |    26 |    32 |   104 |   107 |       |       |       |       |       ||   269
         Reflection        |       |       |     5 |     4 |    58 |    56 |   105 |    58 |    16 ||   302
         Tower shield      |       |       |       |   176 |  1000 |  1744 |  1716 |  1319 |  1080 ||  7035

Levels and vault maps discovered:
D:1:      sevenhm_arrival_forest_fort_small_4, layout_loops_ring,
          ebering_ecumenical_altar_box, serial_shops, shop,
          chequers_serial_rivers_micro_e, serial_bayou_pond_c
D:2:      layout_loops_corners, minmay_rat_gold_closets, uniq_sigmund
D:3:      layout_basic, mainiacjoe_overflow_24_doors, hex_tiny,
          hangedman_feature_mirror
D:4:      layout_basic, serial_shops, nicolae_shop_hallway_plus
D:5:      minmay_spotlight, layout_basic
D:6:      layout_rooms, minmay_temple_entry_ruins, nicolae_elemental_shop,
          fountainhead
D:7:      layout_rooms, mainiacjoe_overflow_brackets
D:8:      layout_cave_pools, minmay_misc_feat_nine_boxes,
          amcnicky_mini_pool_medium
D:9:      layout_gridville, amethyst_overflow_temple_binary,
          nzn_makhleb_speed_demon, serial_shops, nicolae_shop_behind_doors,
          nicolae_shop_overcharged_wands
D:10:     layout_basic, nicolae_tso_carved_into_rock,
          nicolae_hepliaklqana_hazy_memory,
          nicolae_dithmenos_through_a_glass_darkly,
          mainiacjoe_overflow_small_starburst, enter_bailey_5,
          minmay_stone_trees_small, lightli_orcish_oven, uniq_urug, uniq_psyche,
          uniq_grum, uniq_joseph
D:11:     layout_loops_ring, david_lair_shrubbed, serial_shops,
          nicolae_diamond_shop, minmay_librarian, uniq_maurice
D:12:     minmay_clustersquares, layout_irregular_city, orc_0_dummy,
          minmay_shop_chei, lemuel_flamethrower_1, uniq_gastronok, uniq_jorgrun,
          uniq_kirke
D:13:     layout_stronghold, hellmonk_ghost_happy_afterlife, roderic_lattice_a,
          nicolae_figureground_sparkle
D:14:     layout_long_grid, hellmonk_vaults_keyhole, serial_undead,
          serial_undead_b, serial_undead_a, serial_undead_a, serial_undead_f,
          serial_undead_c, uniq_roxanne
D:15:     grunt_enter_depths_magical_seal, layout_basic, dreamdust_wishing_well,
          gauntlet_entry_generic, serial_shops, nicolae_shop_stone,
          grunt_potential
Temple:   nicolae_temple_figure_eight
Lair:1:   gammafunk_worm_tunnel, layout_chaotic_city, uniq_jeremiah
Lair:2:   layout_layer_cave, nicolae_quartered_pool_medium, lemuel_fruit_fields,
          uniq_nergalle
Lair:3:   layout_gridlike, elwin_shoals_entry_rooms,
          hellmonk_spider_entry_not_the_bees, gammafunk_ghost_split,
          grunt_forest_large_clearing_hut, uniq_nessos
Lair:4:   dreamdust_isle_of_ice, layout_small_grid,
          minmay_slime_entry_oklob_enclosed, cheibrodos_lair_lostbears
Lair:5:   gammafunk_lair_ancient_temple, layout_cave_pods,
          grunt_forest_small_clearing_treed
Shoals:1: layout_shoals, nicolae_shoals_goliath_grotto, uniq_aizul
Shoals:2: layout_shoals, uniq_polyphemus
Shoals:3: layout_shoals, gammafunk_ghost_tricky_traps,
          nicolae_shoals_hunting_party, uniq_ilsuiw
Shoals:4: shoals_end_hangedman, layout_shoals, shoals_ilsuiw_alternative,
          serial_shops, nicolae_shop_pleasant_corner_grove,
          nicolae_shoals_stone_sculpture_thing
Spider:1: layout_spider_delve, nicolae_spider_circle_web, guppyfry_spider_mini_3
Spider:2: layout_spider_delve, drop_trap
Spider:3: layout_spider_delve, portal_ice_cave_entry_ice_statue_two
Spider:4: hellmonk_spider_rune_endless_swarm, ebering_ghost_xom, worms_lemuel
Orc:1:    layout_caves, serial_shops, shop, einodemon_armed_red_devil_minivault,
          uniq_erolcha
Orc:2:    grunt_orc_tribal_feast, layout_caves, uniq_donald, uniq_snorg
Vaults:1: v_rooms_1, v_misc_8, nicolae_vaults_little_guard_posts,
          ontoclasm_vaults_eye, nicolae_vaults_closet_pinwheel_2,
          nicolae_vaults_storage_closets_1, nicolae_vaults_tetromino_L_2,
          layout_vaults_big_room, uniq_zenata
Vaults:2: minmay_crypt_entry_simple_statues, v_misc_33, v_rooms_2,
          nicolae_vaults_trapezoid_4, hangedman_vaults_capsules,
          ontoclasm_vaults_shuriken, nicolae_vaults_mini_display_case,
          st_octagons_2, nicolae_vaults_bisected_slash, v_misc_4,
          grunt_vaults_funnel, vaults_room_hallway,
          nicolae_vaults_storage_room_statues, nicolae_vaults_double_plus_2,
          layout_vaults_omnibox, uniq_asterion, uniq_mennas
Vaults:3: gammafunk_ghost_arena, v_pattern_2, v_misc_9,
          nicolae_vaults_closet_pinwheel_5, grunt_vaults_hallway_short,
          v_misc_14, nicolae_vaults_trapezoid_lopsided_3, layout_vaults_omnigrid
Vaults:4: nicolae_vaults_an_arrangement, vaults_room_door_hall,
          hangedman_vaults_locks, nicolae_vaults_diamond_1,
          nicolae_vaults_swerve, vaults_room_fours, hangedman_vaults_slice,
          nicolae_vaults_three_branches, nicolae_vaults_asterisk,
          ontoclasm_vaults_misaligned, nicolae_vaults_trapezoid_lopsided_1,
          vaults_standard_mumra_x, layout_vaults_omnicross, serial_shops,
          nicolae_shop_gaudy_bauble, uniq_boris, uniq_margery
Vaults:5
Depths:1: layout_gridlike, enter_ziggurat_f, serial_shops,
          nicolae_shop_advertising_works [nicolae_subvault_shop_adworks],
          nicolae_hell_entry_hellmouth_sunbeams, kennysheep_flooded_box,
          serial_co_window_serial, co_window_paths_a, co_window_paths_b,
          co_window_paths_b, co_window_corner_a, co_window_paths_b,
          co_window_corner_b, co_window_of_opportunity_c, co_window_broadway_a,
          co_window_unsneaky_path_b, co_window_corner_b,
          co_window_of_opportunity_c, glass_columns_c, glass_columns_b,
          glass_columns_a, hangedman_research_thermodynamics, uniq_mara
Depths:2: ragdoll_tomb_raider, layout_gridlike, grunt_pan_entry_sceptre,
          pf_hell_entry_great_geh, minmay_misc_feat_hallway,
          abyss_entry_flame_altar, kiku_gazebo_pond_becter
Depths:3: minmay_the_grid_3x3 [minmay_the_grid_box_x, minmay_the_grid_square_x,
          minmay_the_grid_dragon_a, minmay_the_grid_mess, minmay_the_grid_slots,
          minmay_the_grid_odd_star, minmay_the_grid_outer_diamond,
          minmay_the_grid_empty, minmay_the_grid_prize_big_room],
          layout_twisted_cross, abyss_entry, hell_entry, rand_demon_pan_entry_4,
          hangedman_abyss_or_decor_clamps, grunt_ministairs_13,
          kennysheep_crisscross
Depths:4: grunt_zot_entry_funnels, layout_gridlike, hell_entry,
          ashenzari_altar_1, nicolae_transporter_intersection
Zot:1:    regret_index_zot_pan_timeshare, layout_misc_corridors
Zot:2:    layout_gridlike
Zot:3:    layout_gridlike, uniq_josephina
Zot:4:    layout_onion_interference, gammafunk_ghost_abyssal_escape,
          regret_index_zotdec_zees, serial_nicolae_subway,
          nicolae_sub_station_metal, nicolae_sub_station_stone,
          nicolae_sub_station_crystal, uniq_tiamat
Zot:5:    layout_misc_corridors

Notes
Turn   | Place    | Note
-------+----------+-------------------------------------------
     0 | D:1      | kae the Hill Orc Fighter began the quest for the Orb.
     0 | D:1      | Reached XP level 1. HP: 19/19 MP: 1/1
     0 | D:1      | magus.rc [v1.11.3]
    34 | D:1      | Reached skill level 3 in Axes
    70 | D:1      | Reached XP level 2. HP: 25/26 MP: 2/2
   154 | D:1      | Reached skill level 4 in Axes
   188 | D:1      | Found a faded altar of an unknown god.
   224 | D:1      | You pick up a book of Burglary and begin reading...
   224 | D:1      | You add the spells Passwall, Ensorcelled Hibernation and
                  | Swiftness to your library.
   272 | D:1      | Reached XP level 3. HP: 33/33 MP: 3/3
   586 | D:1      | Found Seit's Weapon Boutique.
  1043 | D:2      | Reached skill level 4 in Fighting
  1103 | D:2      | Reached XP level 4. HP: 40/40 MP: 4/4
  1142 | D:2      | Noticed Sigmund
  1159 | D:2      | Killed Sigmund
  1160 | D:2      | Reached skill level 5 in Axes
  1160 | D:2      | Reached skill level 4 in Armour
  1160 | D:2      | Reached skill level 1 in Dodging
  1160 | D:2      | Reached XP level 5. HP: 19/47 MP: 5/5
  1468 | D:2      | Reached XP level 6. HP: 53/53 MP: 6/6
  2166 | D:3      | Found a sacrificial altar of Ru.
  2264 | D:3      | Reached skill level 2 in Dodging
  2339 | D:3      | Reached skill level 5 in Fighting
  2872 | D:4      | Identified 3 scrolls of acquirement
  2872 | D:4      | Acquired the amulet "Pautecij" {Reflect -Cast Harm rPois
                  | rF+ SH+5}
  2881 | D:4      | Acquired 920 gold pieces
  2883 | D:4      | Acquired a +1 helmet of see invisible
  3646 | D:5      | Entered Level 5 of the Dungeon
  3646 | D:5      | Noticed a yak
  3646 | D:5      | Noticed a yak
  3647 | D:5      | Noticed a yak
  3648 | D:5      | Noticed a yak
  3660 | D:4      | HP: 12/56 [yak (14)]
  3667 | D:4      | Killed a yak
  3668 | D:4      | Reached skill level 6 in Axes
  3668 | D:4      | Reached XP level 7. HP: 38/61 MP: 7/7
  3671 | D:4      | Killed a yak
  3672 | D:4      | Reached skill level 5 in Armour
  3672 | D:4      | Reached skill level 3 in Dodging
  3926 | D:5      | Reached skill level 6 in Fighting
  3947 | D:5      | You pick up a book of Lightning and begin reading...
  3947 | D:5      | You add the spells Vhi's Electric Charge, Arcjolt and
                  | Plasma Beam to your library.
  4061 | D:5      | Reached skill level 7 in Axes
  4240 | D:5      | Killed a yak
  4241 | D:5      | Reached skill level 4 in Dodging
  4241 | D:5      | Reached XP level 8. HP: 64/70 MP: 8/8
  4245 | D:5      | Killed a yak
  4246 | D:5      | Reached skill level 8 in Axes
  5179 | D:4      | Found Bacakugh's Antique Weapon Boutique.
  5654 | D:6      | Found a staircase to the Ecumenical Temple.
  5676 | Temple   | Entered the Ecumenical Temple
  5731 | D:6      | Found Hounewk's Elemental Accessories.
  5751 | D:6      | Reached skill level 5 in Dodging
  5833 | D:6      | Reached skill level 9 in Axes
  6131 | D:6      | You pick up a book of Touch and begin reading...
  6131 | D:6      | You add the spells Kiss of Death, Confusing Touch and
                  | Dispel Undead to your library.
  6341 | D:7      | Reached skill level 10 in Axes
  6346 | D:7      | Reached XP level 9. HP: 71/75 MP: 9/9
  6505 | D:7      | Reached skill level 11 in Axes
  6505 | D:7      | Found a shimmering blue altar of Sif Muna.
  6644 | D:7      | Reached skill level 12 in Axes
  7116 | D:8      | Noticed a two-headed ogre
  7158 | D:8      | Killed a two-headed ogre
  7159 | D:8      | Reached skill level 13 in Axes
  7184 | D:8      | Reached skill level 14 in Axes
  7576 | D:9      | Noticed a troll
  7581 | D:9      | Killed a troll
  7582 | D:9      | Reached XP level 10. HP: 83/83 MP: 10/10
  7645 | D:9      | Reached skill level 15 in Axes
  7841 | D:9      | You pick up a book of Flames and begin reading...
  7841 | D:9      | You add the spells Inner Flame, Sticky Flame and Flame Wave
                  | to your library.
  7882 | D:9      | Found Utirch's Armour Boutique.
  7959 | D:9      | Found an iron altar of Okawaru.
  7967 | D:9      | Found an ancient bone altar of Kikubaaqudgha.
  8004 | D:9      | Found Lamim's Overcharged Wands.
  8087 | D:9      | Found a runed translucent door.
  8088 | D:9      | Found a burning altar of Makhleb.
  8088 | D:9      | Noticed a sixfirhy
  8305 | D:10     | Entered Level 10 of the Dungeon
  8309 | D:10     | Found a hazy altar of Hepliaklqana.
  8335 | D:10     | Noticed Joseph
  8343 | D:10     | Killed Joseph
  8344 | D:10     | Reached skill level 16 in Axes
  8354 | D:9      | Reached skill level 7 in Fighting
  8518 | D:10     | Noticed Grum
  8523 | D:10     | Reached skill level 8 in Fighting
  8532 | D:10     | Killed Grum
  8541 | D:10     | Reached skill level 9 in Fighting
  8564 | D:10     | Found a shadowy altar of Dithmenos.
  8577 | D:10     | You pick up a book of Winter and begin reading...
  8577 | D:10     | You add the spells Ozocubu's Armour, Metabolic Englaciation
                  | and Simulacrum to your library.
  8587 | D:10     | Found a stormy altar of Qazlal.
  8595 | D:10     | Became a worshipper of Qazlal Stormbringer
  8660 | D:10     | Found a flagged portal.
  8671 | Bailey   | Entered a bailey
  8697 | Bailey   | Reached skill level 10 in Fighting
  8762 | Bailey   | Noticed an orc knight
  8805 | Bailey   | Reached XP level 11. HP: 82/101 MP: 11/11
  8915 | Bailey   | Noticed an orc knight
  8915 | Bailey   | Noticed an orc knight
  8935 | Bailey   | Reached * piety under Qazlal
  8942 | Bailey   | Killed an orc knight
  8943 | Bailey   | Reached skill level 11 in Fighting
  8991 | Bailey   | Killed an orc knight
  8996 | Bailey   | HP: 24/102 [orc warrior/+0 glaive (18)]
  8996 | Bailey   | HP: 6/102 [orc knight/+0 glaive (18)]
  9001 | Bailey   | Killed an orc knight
  9251 | Bailey   | Reached skill level 12 in Fighting
  9296 | Bailey   | You pick up a book of Touch and begin reading...
  9297 | Bailey   | Identified the +7 tower shield of Ruudam {rElec Will+
                  | Str+8}
  9432 | D:10     | You pick up a book of Sloth and begin reading...
  9432 | D:10     | You add the spells Frozen Ramparts and Petrify to your
                  | library.
  9562 | D:10     | Noticed Psyche
  9563 | D:10     | Found a glowing golden altar of the Shining One.
  9567 | D:10     | Killed Psyche
  9571 | D:10     | Noticed Urug
  9577 | D:10     | Killed Urug
  9578 | D:10     | Reached skill level 4 in Shields
  9579 | D:10     | a +0 eveningstar of draining {rare}; 6 javelins; a +0 scale
                  | mail
  9590 | D:10     | a +0 eveningstar of draining {rare}; a +0 scale mail
  9647 | D:10     | Noticed a two-headed ogre
  9656 | D:10     | Killed a two-headed ogre
  9657 | D:10     | Reached skill level 6 in Shields
  9759 | D:10     | Reached skill level 7 in Shields
  9767 | D:10     | Reached skill level 8 in Shields
  9832 | D:10     | a +0 eveningstar of draining {rare}; a +0 scale mail
  9943 | D:11     | Noticed a two-headed ogre
  9947 | D:11     | Noticed a two-headed ogre
  9948 | D:11     | Killed a two-headed ogre
  9953 | D:11     | Noticed Maurice
  9957 | D:11     | Killed a two-headed ogre
  9958 | D:11     | Reached skill level 9 in Shields
  9961 | D:11     | Maurice stole 329 gold
  9963 | D:11     | Killed Maurice
  9964 | D:11     | Reached XP level 12. HP: 50/112 MP: 7/12
  9965 | D:11     | Reached ** piety under Qazlal
 10189 | D:11     | Reached skill level 10 in Shields
 10189 | D:11     | Reached skill level 1 in Invocations
 10201 | D:11     | You pick up a book of Vapours and begin reading...
 10201 | D:11     | You add the spells Poisonous Vapours, Mephitic Cloud and
                  | Freezing Cloud to your library.
 10207 | D:11     | You pick up a book of Decay and begin reading...
 10207 | D:11     | You add the spells Cigotuvi's Dreadful Rot and Death
                  | Channel to your library.
 10214 | D:11     | You pick up a book of Annihilations and begin reading...
 10214 | D:11     | You add the spells Chain Lightning, Fire Storm and Shatter
                  | to your library.
 10233 | D:11     | You pick up a book of Unlife and begin reading...
 10233 | D:11     | You add the spells Animate Dead and Borgnjor's Vile Clutch
                  | to your library.
 10285 | D:11     | Reached skill level 2 in Invocations
 10289 | D:11     | Noticed a two-headed ogre
 10292 | D:11     | Killed a two-headed ogre
 10293 | D:11     | Reached skill level 3 in Invocations
 10350 | D:11     | Identified the +1 mace of Fedhas, Freezing {spect, *Corrode
                  | Dex+2 SInv}
 10361 | D:11     | Reached skill level 4 in Invocations
 10385 | D:11     | Found Plog's General Store.
 10590 | D:11     | Noticed a two-headed ogre
 10595 | D:11     | Killed a two-headed ogre
 10596 | D:11     | Reached skill level 5 in Invocations
 10605 | D:11     | Found a staircase to the Lair.
 10821 | Lair:1   | Entered Level 1 of the Lair of Beasts
 10830 | Lair:1   | Reached skill level 11 in Shields
 10986 | Lair:1   | Reached skill level 6 in Invocations
 10998 | Lair:1   | Identified the ring "Gapucy" {rPois rN+}
 11020 | Lair:1   | Found a transporter.
 11087 | Lair:1   | Found a transporter.
 11146 | Lair:1   | Noticed Jeremiah
 11158 | Lair:1   | Killed Jeremiah
 11164 | Lair:1   | Reached skill level 7 in Invocations
 11795 | Lair:2   | Noticed Nergalle
 11801 | Lair:2   | Killed Nergalle
 11802 | Lair:2   | Noticed a death yak
 11802 | Lair:2   | Noticed a death yak
 11802 | Lair:2   | Noticed a death yak
 11804 | Lair:2   | Noticed a death yak
 11805 | Lair:2   | Killed a death yak
 11806 | Lair:2   | Reached skill level 12 in Shields
 11806 | Lair:2   | Reached skill level 8 in Invocations
 11806 | Lair:2   | Killed a death yak
 11806 | Lair:2   | Noticed a death yak
 11811 | Lair:2   | Killed a death yak
 11815 | Lair:2   | Killed a death yak
 11816 | Lair:2   | Reached skill level 9 in Invocations
 11819 | Lair:2   | Killed a death yak
 11820 | Lair:2   | Reached XP level 13. HP: 83/118 MP: 4/19
 12078 | Lair:2   | Reached skill level 10 in Invocations
 12082 | Lair:2   | Reached skill level 13 in Shields
 12940 | Lair:3   | Reached skill level 11 in Invocations
 12947 | Lair:3   | Reached *** piety under Qazlal
 13005 | Lair:3   | Found a hole to the Spider Nest.
 13084 | Lair:3   | Found a staircase to the Shoals.
 13142 | Lair:3   | Noticed Nessos
 13148 | Lair:3   | Killed Nessos
 13170 | Lair:3   | Noticed Storm's ghost (journeyman MiFi)
 13262 | Lair:3   | Found a runed translucent gate.
 13263 | Lair:3   | Found a runed translucent gate.
 13264 | Lair:3   | Found a runed translucent gate.
 13474 | Lair:3   | Reached skill level 14 in Shields
 13474 | Lair:3   | Reached skill level 12 in Invocations
 13819 | Lair:3   | Killed Storm's ghost
 13865 | Lair:4   | Reached skill level 13 in Invocations
 14148 | Lair:4   | Reached skill level 14 in Invocations
 14301 | Lair:4   | Identified the +1 great sword "Ruzez" {drain, Int+2}
 14482 | Lair:4   | Found a viscous altar of Jiyva.
 14484 | Lair:4   | Found a staircase to the Slime Pits.
 14494 | Lair:4   | Reached skill level 1 in Evocations
 14499 | Lair:4   | Reached skill level 2 in Evocations
 14501 | Lair:4   | Reached **** piety under Qazlal
 14599 | Lair:4   | Reached XP level 14. HP: 126/126 MP: 24/24
 14603 | Lair:4   | Reached skill level 3 in Evocations
 14623 | Lair:4   | Reached skill level 4 in Evocations
 14630 | Lair:4   | Reached skill level 5 in Evocations
 14646 | Lair:4   | Identified the +4 ring mail of Waunifek {SInv Stlth+}
 14669 | Lair:4   | You pick up a book of the Tundra and begin reading...
 14669 | Lair:4   | You add the spells Hailstorm and Summon Ice Beast to your
                  | library.
 14739 | Lair:4   | Reached skill level 6 in Evocations
 15154 | Lair:5   | Entered Level 5 of the Lair of Beasts
 15219 | Lair:5   | Reached skill level 7 in Evocations
 15332 | Lair:5   | Noticed a dire elephant
 15334 | Lair:5   | Reached ***** piety under Qazlal
 15337 | Lair:5   | Reached skill level 8 in Evocations
 15348 | Lair:5   | Killed a dire elephant
 15361 | Lair:5   | Reached skill level 17 in Axes
 15442 | Lair:5   | You pick up a book of Necromancy and begin reading...
 15442 | Lair:5   | You add the spells Necrotise, Vampiric Draining and Agony
                  | to your library.
 15863 | Lair:5   | Reached skill level 6 in Armour
 15943 | Lair:5   | You pick up a book of Iron and begin reading...
 15943 | Lair:5   | You add the spells Summon Lightning Spire, Animate Armour
                  | and Lee's Rapid Deconstruction to your library.
 16554 | D:12     | Noticed Jorgrun
 16563 | D:12     | Killed Jorgrun
 16564 | D:12     | Reached XP level 15. HP: 63/132 MP: 25/25
 16805 | D:12     | Noticed Kirke
 16810 | D:12     | Reached skill level 6 in Dodging
 16813 | D:12     | Killed Kirke
 16816 | D:12     | Noticed Gastronok
 16821 | D:12     | Killed Gastronok
 16870 | D:12     | Reached skill level 18 in Axes
 16870 | D:12     | Reached skill level 7 in Armour
 17101 | D:12     | You add the spells Static Discharge and Airstrike to your
                  | library.
 17101 | D:12     | Got Sif Muna's Excursus on Polar Electricity
 17170 | D:12     | Found Cheibriados's Comfort Zone.
 17172 | D:12     | Found a snail-covered altar of Cheibriados.
 17360 | D:12     | Found a staircase to the Orcish Mines.
 17500 | D:12     | magus.rc [v1.11.3]
 17593 | D:13     | Noticed Deit's ghost (journeyman MiBe)
 17594 | D:13     | Found a runed translucent door.
 17599 | D:13     | Reached skill level 8 in Armour
 17832 | D:13     | Reached skill level 7 in Dodging
 18439 | D:13     | Killed Deit's ghost
 18503 | Orc:1    | Entered Level 1 of the Orcish Mines
 18511 | Orc:1    | Found Isaxegorph's General Store.
 18521 | Orc:1    | Bought a scroll of identify for 22 gold pieces
 18769 | Orc:1    | Noticed Erolcha
 18777 | Orc:1    | Killed Erolcha
 19079 | Orc:2    | Entered Level 2 of the Orcish Mines
 19083 | Orc:2    | Noticed Snorg
 19090 | Orc:2    | Killed Snorg
 19095 | Orc:2    | Noticed an orc warlord
 19104 | Orc:2    | Identified a +0 crystal plate armour
 19104 | Orc:2    | Noticed Donald
 19108 | Orc:2    | Killed an orc warlord
 19109 | Orc:2    | Reached skill level 19 in Axes
 19111 | Orc:2    | Reached skill level 9 in Armour
 19120 | Orc:2    | Killed Donald
 19120 | Orc:2    | Reached ****** piety under Qazlal
 19317 | Orc:2    | Reached skill level 8 in Dodging
 19317 | Orc:2    | Found Avirhelae's Antique Armour Shop.
 19317 | Orc:2    | Found Oreur's Book Emporium.
 19434 | Orc:2    | Found Ejiem's Distillery.
 19434 | Orc:2    | Found Xuheaguk's Magic Scroll Emporium.
 19501 | Orc:2    | Bought an embroidered cloak for 292 gold pieces
 19504 | Orc:2    | Bought a scroll of enchant weapon for 112 gold pieces
 19504 | Orc:2    | Bought a scroll of blinking for 112 gold pieces
 19713 | Orc:2    | Found a staircase to the Elven Halls.
 20123 | D:14     | Reached XP level 16. HP: 138/139 MP: 26/26
 20147 | D:14     | Reached skill level 10 in Armour
 20189 | D:14     | HP: 29/139 [meliai/divine providence (18)]
 20240 | D:11     | Bought a +8 war axe of distortion for 811 gold pieces
 20803 | D:14     | Noticed Roxanne
 20818 | D:14     | Killed Roxanne
 20884 | D:14     | Reached skill level 20 in Axes
 20899 | D:14     | Reached skill level 9 in Dodging
 21241 | D:14     | Found a gate to the Vaults.
 21292 | D:15     | Entered Level 15 of the Dungeon
 21299 | D:15     | Reached skill level 11 in Armour
 21447 | D:15     | Found a staircase to the Depths.
 21506 | D:15     | Reached skill level 12 in Armour
 21509 | D:15     | Found Naishrij's General Store.
 21512 | D:15     | Reached skill level 10 in Dodging
 21609 | D:15     | Bought a scroll of brand weapon for 95 gold pieces
 21813 | D:15     | Found a gate leading to a gauntlet.
 21819 | Gauntlet | Entered a Gauntlet
 21819 | Gauntlet | Found a transporter.
 21819 | Gauntlet | Found a transporter.
 21837 | Gauntlet | Found a transporter.
 21838 | Gauntlet | Found a transporter.
 21841 | Gauntlet | Found a transporter.
 21841 | Gauntlet | Found a transporter.
 21863 | Gauntlet | Found a runed translucent door.
 21863 | Gauntlet | Found a runed translucent door.
 21867 | Gauntlet | Found a transporter.
 21871 | Gauntlet | Found a transporter.
 21880 | Gauntlet | Found a transporter.
 21896 | Gauntlet | Found a transporter.
 21911 | Gauntlet | Found a transporter.
 21915 | Gauntlet | Found a transporter.
 22051 | Gauntlet | Gained mutation: You occasionally lose the ability to read
                  | scrolls when taking damage. [a shining eye]
 22061 | Gauntlet | Identified the +3 leather armour "Ceecw" {Rampage rC+
                  | Regen+ Dex-3}
 22156 | Gauntlet | Reached XP level 17. HP: 146/146 MP: 27/27
 22159 | Gauntlet | Reached skill level 11 in Dodging
 22176 | Gauntlet | Identified the +0 helmet "Onlemiah" {+Inv}
 22177 | Gauntlet | Identified the +9 sling "Impbane" {flame, +Blink rElec MP+9
                  | Dex+2}
 22188 | Gauntlet | Identified the +1 morningstar of Tomorrow {flame, rElec
                  | Dex+2}
 22231 | Gauntlet | You pick up a book of Weapons and begin reading...
 22231 | Gauntlet | You add the spells Tukima's Dance, Dimensional Bullseye and
                  | Iskenderun's Mystic Blast to your library.
 22231 | Gauntlet | You pick up a book of Decay and begin reading...
 22357 | D:15     | Identified the +5 long sword of Radicalism {freeze, SInv}
 22796 | Spider:1 | Entered Level 1 of the Spider Nest
 22961 | Spider:1 | Reached skill level 12 in Dodging
 25125 | Spider:3 | Found a frozen archway.
 25149 | IceCv    | Entered an ice cave
 25172 | IceCv    | Reached XP level 18. HP: 85/156 MP: 29/29
 25220 | IceCv    | Reached skill level 13 in Fighting
 25291 | IceCv    | Reached skill level 15 in Invocations
 25579 | IceCv    | HP: 34/157 [ironbound frostheart/creeping frost (39)]
 25581 | IceCv    | Reached skill level 13 in Armour
 25908 | IceCv    | Noticed a shard shrike
 25927 | IceCv    | HP: 27/157 [shard shrike (33)]
 25928 | IceCv    | Killed a shard shrike
 26235 | IceCv    | You pick up a book of Fire and begin reading...
 26235 | IceCv    | You add the spells Foxfire and Starburst to your library.
 26248 | IceCv    | Got the Grimoire of Rime
 26335 | IceCv    | Identified the +1 hat "Wext" {rC+ MP+9}
 26483 | Spider:3 | Identified the +1 ring mail "Yqowk" {Int+4}
 26596 | Spider:3 | Identified the +0 short sword of Incongruity {pain, Dex+4}
 26693 | Spider:4 | Entered Level 4 of the Spider Nest
 27054 | Spider:4 | Reached skill level 15 in Shields
 27054 | Spider:4 | Acquired 550 gold pieces
 27124 | Spider:4 | Reached skill level 21 in Axes
 27348 | Spider:4 | Identified the +7 great mace of the Enchanting Seer
                  | {freeze, +Blink Dex+2}
 27606 | Spider:4 | HP: 31/159 [culicivora (20)]
 27937 | Spider:4 | Reached skill level 13 in Dodging
 27963 | Spider:4 | Reached skill level 14 in Fighting
 28007 | Spider:4 | Reached XP level 19. HP: 112/167 MP: 30/30
 28134 | Spider:4 | Identified the +1 rapier "Teschofo" {venom, rF+ Will+}
 28170 | Spider:4 | Reached skill level 16 in Invocations
 28189 | Spider:4 | Identified the orb of Magic {guile, Harm}
 28198 | Spider:4 | Identified the +2 pair of gloves of Duck's Teeth {Regen+
                  | Str+2}
 28217 | Spider:4 | Got a gossamer rune of Zot
 28299 | Spider:4 | Found a runed translucent door.
 28299 | Spider:4 | Found a shimmering altar of Xom.
 28299 | Spider:4 | Noticed MrCrawl's ghost (adept DrFE)
 28484 | Spider:4 | Killed MrCrawl's ghost
 28656 | Shoals:1 | Entered Level 1 of the Shoals
 28907 | Shoals:1 | Identified the serpent talisman "Juapp" {Dex+3}
 28907 | Shoals:1 | Noticed Aizul
 28924 | Shoals:1 | Killed Aizul
 28946 | Shoals:1 | Reached skill level 14 in Armour
 29728 | Shoals:2 | Noticed Polyphemus
 29741 | Shoals:2 | Killed Polyphemus
 30642 | Shoals:3 | Noticed Ilsuiw
 30655 | Shoals:3 | Reached skill level 16 in Shields
 30660 | Shoals:3 | Killed Ilsuiw
 30778 | Shoals:3 | Reached skill level 15 in Fighting
 30778 | Shoals:3 | Reached skill level 22 in Axes
 31017 | Shoals:3 | Found a runed translucent gate.
 31018 | Shoals:3 | Found a runed translucent gate.
 31019 | Shoals:3 | Found a runed translucent gate.
 31053 | Shoals:3 | Noticed Diptof's ghost (adept TeAE)
 31204 | Shoals:3 | Killed Diptof's ghost
 31259 | Shoals:3 | Identified the +2 helmet of Cifel {Regen+ Int-2 Dex+3}
 31322 | Shoals:4 | Entered Level 4 of the Shoals
 31359 | Shoals:4 | Reached XP level 20. HP: 178/178 MP: 32/32
 31360 | Shoals:4 | Reached skill level 17 in Invocations
 31410 | Shoals:4 | Got a barnacled rune of Zot
 31564 | Shoals:4 | Identified the +2 robe "Ucirilis" {Rampage +Inv rC+++
                  | Str-2}
 31780 | Shoals:4 | Identified the +4 quarterstaff "Angugg" {heavy, Str+3
                  | Stlth+}
 32013 | Shoals:4 | Found Wiakusib's Magic Scroll Boutique.
 32093 | Shoals:4 | You pick up a book of Air and begin reading...
 32454 | Vaults:1 | Entered Level 1 of the Vaults
 32454 | Vaults:1 | Noticed Zenata
 32469 | Vaults:1 | Killed Zenata
 32470 | Vaults:1 | Reached skill level 15 in Armour
 32488 | Vaults:1 | a +5 executioner's axe {rare}; a +0 ring mail
 32610 | Vaults:1 | You pick up a book of Flames and begin reading...
 32801 | Vaults:1 | Reached skill level 14 in Dodging
 33351 | Vaults:2 | Noticed Asterion
 33359 | Vaults:2 | Killed Asterion
 33543 | Vaults:2 | Noticed Mennas
 33560 | Vaults:2 | Killed Mennas
 33561 | Vaults:2 | Reached skill level 16 in Fighting
 33666 | Vaults:2 | Found a staircase to the Crypt.
 33812 | Vaults:2 | Reached skill level 18 in Invocations
 33812 | Vaults:2 | Reached XP level 21. HP: 183/188 MP: 32/34
 33855 | Vaults:2 | Reached skill level 17 in Shields
 34396 | Vaults:2 | Reached skill level 23 in Axes
 34805 | Vaults:3 | Reached skill level 16 in Armour
 35019 | Vaults:3 | You pick up a book of Party Tricks and begin reading...
 35019 | Vaults:3 | You add the spells Apportation, Jinxbite and Alistair's
                  | Intoxication to your library.
 35337 | Vaults:3 | Found a transporter.
 35337 | Vaults:3 | Noticed Lafiguk's ghost (adept OgCA)
 35338 | Vaults:3 | Found a transporter.
 35700 | Vaults:3 | Killed Lafiguk's ghost
 35844 | Vaults:4 | Noticed Boris
 35861 | Vaults:4 | Killed Boris
 35862 | Vaults:4 | Reached skill level 17 in Fighting
 36010 | Vaults:4 | Noticed Margery
 36034 | Vaults:4 | Killed Margery
 36036 | Vaults:4 | a +4 halberd of draining; +0 storm dragon scales {rare};
                  | the human corpse of Margery
 36070 | Vaults:4 | Reached XP level 22. HP: 199/199 MP: 35/35
 36082 | Vaults:4 | Reached skill level 19 in Invocations
 36116 | Vaults:4 | a +4 halberd of draining; +0 storm dragon scales {rare};
                  | the human corpse of Margery
 36136 | Vaults:4 | Found Jyze's Jewellery Emporium.
 36330 | Vaults:4 | Reached skill level 15 in Dodging
 37049 | Vaults:4 | a +4 halberd of draining; +0 storm dragon scales {rare}
 37162 | Vaults:4 | a +4 halberd of draining; +0 storm dragon scales {rare}
 37172 | Vaults:5 | Entered Level 5 of the Vaults
 37186 | Vaults:4 | Reached skill level 18 in Shields
 37258 | Vaults:5 | Noticed an ancient lich
 37327 | Vaults:5 | Gained mutation: You are clumsy. (Dex -2) [a shining eye]
 37333 | Vaults:5 | Reached skill level 24 in Axes
 37337 | Vaults:5 | Reached skill level 17 in Armour
 37345 | Vaults:5 | Killed an ancient lich
 37346 | Vaults:5 | HP: 50/201 [flayed ghost/flay_damage (19)]
 37572 | Vaults:5 | Reached skill level 18 in Fighting
 37698 | Vaults:4 | +0 storm dragon scales {rare}; a +4 halberd of draining
 37785 | Vaults:5 | Noticed an ancient lich
 37794 | Vaults:5 | Killed an ancient lich
 37795 | Vaults:5 | Reached XP level 23. HP: 107/209 MP: 36/36
 37939 | Vaults:5 | Reached skill level 20 in Invocations
 37982 | Vaults:5 | Got a silver rune of Zot
 38119 | Vaults:5 | You pick up a book of the Earth and begin reading...
 38119 | Vaults:5 | You add the spells Leda's Liquefaction and Bombard to your
                  | library.
 38229 | Vaults:5 | +0 shadow dragon scales {rare}; a shadow dragon corpse
 38260 | Vaults:5 | You pick up a book of Air and begin reading...
 38461 | Vaults:5 | Identified the +8 dagger of Capital Punishment {heavy, rF++
                  | rC+}
 38525 | Vaults:5 | Identified the +5 great mace of Due Proportion {drain,
                  | rElec rF+ rC+}
 38530 | Vaults:5 | Identified the ring of Exyez {rC+ Str+5}
 38729 | Vaults:5 | Noticed an ancient lich
 38730 | Vaults:5 | Identified the +4 hand axe "Nayceagrai" {vamp, rF- Int+4}
 38739 | Vaults:5 | Killed an ancient lich
 38981 | Vaults:5 | You pick up a book of Decay and begin reading...
 38983 | Vaults:5 | You pick up a book of Decay and begin reading...
 38986 | Vaults:5 | You pick up a book of Touch and begin reading...
 39002 | Vaults:5 | Identified the staff of Equivalence {rC- rN+ rCorr Summ
                  | Necro}
 39087 | Vaults:5 | Identified the +3 troll leather armour of Spite {-Cast
                  | *Corrode rElec rPois Regen+ Slay+5}
 39133 | Vaults:5 | a frost giant comes into view. It is wielding the +5 scythe
                  | "Finisher" {speed, execute}.
 39210 | Vaults:5 | Identified the death talisman "Luwacla" {Str+2 Dex+3}
 39211 | Vaults:5 | Identified the +0 chain mail of Festeppi {rF+ rC+++ Will+
                  | Slay-5}
 39213 | Vaults:5 | You pick up a book of the Wilderness and begin reading...
 39213 | Vaults:5 | You add the spells Summon Forest, Summon Mana Viper and
                  | Summon Cactus Giant to your library.
 39263 | Vaults:5 | Search for what [Enter for "rand", or ? for help]? rare
 39500 | Depths:1 | Entered Level 1 of the Depths
 39503 | Depths:1 | Found Ofuin's Armour Boutique.
 39544 | Depths:1 | Noticed Mara
 39551 | Depths:1 | Noticed kae's illusion
 39555 | Depths:1 | Killed Mara
 39586 | Depths:1 | Found a gateway to Hell.
 39642 | Depths:1 | Identified the +3 short sword of Ipybar {protect, ^Fragile
                  | rN++ Dex+4}
 39695 | Depths:1 | Found a one-way gateway to a ziggurat.
 40418 | Depths:1 | Got the Anthology of Hoarfrost
 40837 | Depths:2 | Reached skill level 18 in Armour
 40844 | Depths:2 | Reached skill level 19 in Shields
 40987 | Depths:2 | HP: 32/211 [??? (43)]
 40999 | Depths:2 | HP: 30/211 [something (13)]
 41170 | Depths:2 | Reached skill level 19 in Fighting
 41181 | Depths:2 | You pick up a book of Conjurations and begin reading...
 41181 | Depths:2 | You add the spells Magic Dart, Searing Ray and Fulminant
                  | Prism to your library.
 41224 | Depths:2 | a royal mummy comes into view. It is wearing the amulet of
                  | Vitality {RegenMP++ Regen++}.
 41224 | Depths:2 | Noticed a royal mummy
 41232 | Depths:2 | Killed a royal mummy
 41233 | Depths:2 | Reached skill level 25 in Axes
 41312 | Depths:2 | Found a corrupted altar of Lugonu.
 41312 | Depths:2 | Found a one-way gate to the infinite horrors of the Abyss.
 41471 | Depths:2 | Reached skill level 16 in Dodging
 41602 | Depths:2 | Reached XP level 24. HP: 191/214 MP: 37/37
 41723 | Depths:2 | Found an ancient bone altar of Kikubaaqudgha.
 41773 | Depths:2 | You add the spells Gell's Gravitas, Teleport Other and
                  | Dispersal to your library.
 42154 | Depths:2 | Found a one-way gate leading to the halls of Pandemonium.
 42171 | Depths:2 | magus.rc [v1.11.3]
 42204 | Depths:3 | Reached skill level 21 in Invocations
 42382 | Depths:3 | Identified the +0 robe of Gravitas {+Inv rElec Int-3}
 42451 | Depths:3 | Noticed a juggernaut
 42451 | Depths:3 | +0 shadow dragon scales {rare}; 5 large rocks {=f}; a
                  | shadow dragon corpse
 42458 | Depths:3 | +0 shadow dragon scales {rare}; 5 large rocks {=f}; a
                  | shadow dragon corpse
 42604 | Depths:3 | Identified the staff "Road" {rElec rF- rC+ Str-5 Stlth+
                  | Ice}
 42610 | Depths:3 | You pick up a book of Unlife and begin reading...
 42619 | Depths:3 | Identified the ring of Awe {rPois rC+ rCorr Str+6 Int-3}
 43431 | Depths:4 | Entered Level 4 of the Depths
 43522 | Depths:4 | Found a broken altar of Ashenzari.
 43697 | Depths:4 | Found a gate to the Realm of Zot.
 43920 | Depths:4 | Reached skill level 20 in Fighting
 43943 | Depths:4 | Reached skill level 19 in Armour
 44003 | Depths:4 | Reached XP level 25. HP: 231/231 MP: 37/37
 44044 | Depths:4 | Found a transporter.
 44093 | Depths:4 | Found a transporter.
 44111 | Depths:4 | Found a transporter.
 44141 | Depths:4 | Found a transporter.
 44368 | Depths:4 | Noticed a caustic shrike
 44369 | Depths:4 | Noticed a caustic shrike
 44369 | Depths:4 | Noticed a caustic shrike
 44369 | Depths:4 | Noticed a caustic shrike
 44369 | Depths:4 | Noticed a caustic shrike
 44375 | Depths:4 | Killed a caustic shrike
 44376 | Depths:4 | Killed a caustic shrike
 44384 | Depths:4 | Killed a caustic shrike
 44390 | Depths:4 | Killed a caustic shrike
 44394 | Depths:4 | Killed a caustic shrike
 44519 | Zot:1    | Entered Level 1 of the Realm of Zot
 44592 | Zot:1    | Reached skill level 20 in Shields
 44617 | Zot:1    | Reached skill level 26 in Axes
 44641 | Zot:1    | Reached skill level 22 in Invocations
 44930 | Zot:1    | Noticed a curse toe
 44937 | Zot:1    | Killed a curse toe
 44950 | Zot:1    | Noticed a curse toe
 44955 | Zot:1    | Killed a curse toe
 45516 | Zot:1    | Reached skill level 17 in Dodging
 45687 | Zot:2    | Gained mutation: Armour fits poorly on your strangely
                  | shaped body. [mutagenic glow]
 45712 | Zot:2    | Gained mutation: You have hidden genetic defects.
                  | [mutagenic glow]
 45754 | Zot:2    | Identified a potion of experience
 45805 | Zot:2    | Reached XP level 26. HP: 242/242 MP: 38/38
 45806 | Zot:2    | Lost mutation: You have hidden genetic defects. [potion of
                  | mutation]
 45806 | Zot:2    | Lost mutation: You are clumsy. (Dex -2) [potion of
                  | mutation]
 45806 | Zot:2    | Gained mutation: Your body sometimes deteriorates upon
                  | taking damage. [potion of mutation]
 45806 | Zot:2    | Gained mutation: Your mind is acute. (Int +4, Str/Dex -1)
                  | [potion of mutation]
 45806 | Zot:2    | Gained mutation: You have a pair of small horns on your
                  | head. [potion of mutation]
 45813 | Zot:2    | quicksilver dragon scales {rare}; a quicksilver dragon
                  | corpse
 45817 | Zot:2    | Lost mutation: Armour fits poorly on your strangely shaped
                  | body. [potion of mutation]
 45817 | Zot:2    | Lost mutation: You occasionally lose the ability to read
                  | scrolls when taking damage. [potion of mutation]
 45817 | Zot:2    | Gained mutation: Your spells are a little harder to cast,
                  | but a little more powerful. [potion of mutation]
 45817 | Zot:2    | Lost mutation: Your mind is acute. (Int +4, Str/Dex -1)
                  | [potion of mutation]
 45817 | Zot:2    | Gained mutation: You occasionally lose the ability to drink
                  | potions when taking damage. [potion of mutation]
 45818 | Zot:2    | Lost mutation: You have a pair of small horns on your head.
                  | [potion of mutation]
 45818 | Zot:2    | Lost mutation: Your body sometimes deteriorates upon taking
                  | damage. [potion of mutation]
 45818 | Zot:2    | Gained mutation: You are covered in fur. (AC +1) [potion of
                  | mutation]
 45818 | Zot:2    | Gained mutation: You have a pair of small horns on your
                  | head. [potion of mutation]
 45818 | Zot:2    | Gained mutation: You are dopey. (Int -2) [potion of
                  | mutation]
 45818 | Zot:2    | Gained mutation: You possess an exceptional clarity of
                  | mind. [potion of mutation]
 45895 | Zot:2    | You fall into a shaft and drop 2 floors!
 46040 | Zot:4    | Found a transporter.
 46057 | Zot:4    | Identified the +1 robe of Eternal Night {-Cast Rampage
                  | Will+++ Regen+}
 46059 | Zot:4    | Noticed Muataran's ghost (veteran MiMo)
 46293 | Zot:3    | Reached skill level 21 in Fighting
 46369 | Zot:3    | Reached XP level 27. HP: 239/250 MP: 38/38
 46424 | Zot:3    | You pick up a book of Unlife and begin reading...
 46590 | Zot:3    | Reached skill level 20 in Armour
 46646 | Zot:3    | +0 shadow dragon scales {rare}; a shadow dragon corpse
 46652 | Zot:3    | Identified the ring "Qecet" {Ice Dex+3}
 46652 | Zot:3    | Identified the death talisman "Dahuodghahu" {rF+++ rC+
                  | Str-3 Dex-5}
 46652 | Zot:3    | Noticed Josephina
 46684 | Zot:3    | Killed Josephina
 46688 | Zot:3    | +0 shadow dragon scales {rare}; a shadow dragon corpse
 46823 | Zot:3    | +0 shadow dragon scales {rare}; a shadow dragon corpse
 47183 | Zot:2    | Identified the +0 robe of the Lost Path {Will+}
 47205 | Zot:2    | Reached skill level 23 in Invocations
 47399 | Zot:2    | Noticed an orb of fire
 47411 | Zot:2    | Killed an orb of fire
 47823 | Zot:4    | Found the +4 dragonskin cloak
 47823 | Zot:4    | Tiamat, Avatar of the Dragonlord comes into view. She is
                  | wielding a +1 bardiche of flaming and wearing the +4
                  | dragonskin cloak.
 47823 | Zot:4    | Noticed Tiamat
 47863 | Zot:4    | HP: 61/250 [Tiamat/bolt of dispelling energy (30)]
 47867 | Zot:4    | Here: Tiamat, wielding a +1 bardiche of flaming and wearing
                  | the +4 dragonskin cloak (freezing vapour, almost dead,
                  | slow)
 47867 | Zot:4    | Here: Tiamat, wielding a +1 bardiche of flaming and wearing
                  | the +4 dragonskin cloak (freezing vapour, almost dead,
                  | slow)
 47872 | Zot:4    | Killed Tiamat
 47873 | Zot:4    | Reached skill level 27 in Axes
 47876 | Zot:4    | +0 storm dragon scales {rare}; a storm dragon corpse
 47893 | Zot:4    | +0 shadow dragon scales {rare}; a shadow dragon corpse
 48031 | Zot:4    | Noticed a curse toe
 48038 | Zot:4    | Killed a curse toe
 48045 | Zot:4    | Reached skill level 21 in Shields
 48186 | Zot:4    | Found a transporter.
 48190 | Zot:4    | Found a transporter.
 48190 | Zot:4    | Found a transporter.
 48206 | Zot:4    | Found a transporter.
 48315 | Zot:4    | Found a hazy altar of Hepliaklqana.
 48320 | Zot:4    | Found an iron altar of Okawaru.
 48355 | Zot:4    | Found a snail-covered altar of Cheibriados.
 48477 | Zot:4    | Found an iron altar of Okawaru.
 48509 | Zot:4    | Identified the +5 orcbow of the Lettuce {heavy, rPois
                  | Str+3}
 48523 | Zot:4    | Found a transporter.
 48529 | Zot:4    | Found a transporter.
 48973 | Zot:4    | Found a transporter.
 49241 | Zot:5    | Entered Level 5 of the Realm of Zot
 49506 | Zot:5    | Noticed an ancient lich
 49507 | Zot:5    | Noticed a dread lich
 49512 | Zot:5    | Killed an ancient lich
 49518 | Zot:5    | Killed a dread lich
 49569 | Zot:5    | Noticed an orb of fire
 49579 | Zot:5    | Noticed an electric golem
 49584 | Zot:5    | Noticed an ancient lich
 49585 | Zot:5    | Noticed an ancient lich
 49587 | Zot:5    | Gained mutation: You do not regenerate when monsters are
                  | visible. [an orb of fire]
 49594 | Zot:5    | Gained mutation: Armour fits poorly on your strangely
                  | shaped body. [an orb of fire]
 49598 | Zot:5    | Gained mutation: You are frail. (-10% HP) [an orb of fire]
 49599 | Zot:5    | Killed an orb of fire
 49603 | Zot:5    | Killed an ancient lich
 49604 | Zot:5    | Reached skill level 22 in Fighting
 49607 | Zot:5    | HP: 44/228 [Orb Guardian (33)]
 49608 | Zot:5    | HP: 19/228 [green draconian monk (25)]
 49611 | Zot:5    | Noticed a dread lich
 49615 | Zot:5    | HP: 12/228 [Orb Guardian (34)]
 49615 | Zot:5    | Demolished by an Orb Guardian

Vanquished Creatures
  Tiamat (Zot:4)
  A dread lich (Zot:5)
  5 ancient liches
  2 orbs of fire
  Mennas (Vaults:2)
  Mara (Depths:1)
  Josephina (Zot:3)
  Boris (Vaults:4)
  A royal mummy (Depths:2)
  A shard shrike (IceCv)
  Margery (Vaults:4)
  3 curse toes
  5 caustic shrikes (Depths:4)
  7 golden dragons
  A bone dragon (Depths:4)
  Jorgrun (D:12)
  Zenata (Vaults:1)
  The ghost of Lafiguk the Bludgeoner, an adept OgCA of Sif Muna (Vaults:3)
  23 tentacled monstrosities
  2 titans (Vaults:5)
  9 Orb Guardians (Zot:5)
  4 liches
  Asterion (Vaults:2)
  7 sphinxes
  An Executioner (Zot:1)
  5 quicksilver dragons
  The ghost of MrCrawl the Scorcher, an adept DrFE of Vehumet (Spider:4)
  Gastronok (D:12)
  11 death cobs
  Polyphemus (Shoals:2)
  2 krakens (Shoals:2)
  Roxanne (D:14)
  Kirke (D:12)
  4 tengu reavers
  Aizul (Shoals:1)
  14 shadow dragons
  6 draconian monks
  Donald (Orc:2)
  8 storm dragons
  Ilsuiw (Shoals:3)
  2 azure jellies (Depths:1)
  4 draconian knights
  7 protean progenitors
  An iron dragon (Vaults:5)
  9 frost giants
  4 draconian shifters
  10 fire giants
  5 balrugs
  2 deep elf sorcerers
  18 vault wardens
  3 orc warlords
  11 draconian scorchers
  5 ghost moths
  The ghost of Diptof the Stormcaller, an adept TeAE of Vehumet (Shoals:3)
  6 emperor scorpions
  8 draconian stormcallers
  2 spriggan defenders (Depths:3)
  20 ironbound preservers
  21 very ugly things
  7 draconian annihilators
  2 quicksilver oozes (Zot:1)
  2 war gargoyles
  5 broodmothers (Spider:4)
  8 ironbound thunderhulks
  A formless jellyfish (Vaults:3)
  18 stone giants
  The ghost of Deit the Severer, a journeyman MiBe of Trog (D:13)
  The ghost of Storm the Severer, a journeyman MiFi of Okawaru (Lair:3)
  A deep elf demonologist (Vaults:5)
  12 red draconians
  12 green draconians
  Nessos (Lair:3)
  6 black draconians
  7 dire elephants
  8 purple draconians
  2 vampire knights
  A minotaur (Gauntlet)
  9 white draconians
  5 yellow draconians
  11 spark wasps
  5 blizzard demons (Zot:1)
  2 deep elf death magi (Vaults:5)
  11 ettins
  Snorg (Orc:2)
  2 crystal guardians (Vaults:4)
  3 deep elf high priests
  3 mummy priests (Depths:2)
  13 yaktaur captains
  10 merfolk impalers
  9 great orbs of eyes
  7 fire dragons
  A merfolk javelineer (Shoals:4)
  32 vault guards
  8 entropy weavers
  Erolcha (Orc:1)
  9 ice dragons
  6 spriggan air magi
  7 hydras
  A salamander tyrant (Depths:1)
  5 ogre magi
  5 rakshasas
  2 alligators (Shoals:1)
  2 jorogumos
  A catoblepas (Shoals:2)
  8 merfolk avatars
  A caustic shrike simulacrum (Depths:1)
  18 centaur warriors
  2 peacekeepers (Vaults:4)
  3 alligator snapping turtles
  6 boulder beetles
  A dancing weapon (Spider:4)
  7 ironbound frosthearts
  4 merfolk aquamancers
  A death knight (Vaults:2)
  3 deep troll shamans
  9 radroaches
  A two-headed ogre (shapeshifter) (Vaults:5)
  2 satyrs (Shoals:3)
  8 deep troll earth magi
  17 two-headed ogres
  5 spriggan berserkers
  5 tengu warriors
  17 demonic crawlers
  10 death yaks
  6 occultists
  10 sun demons
  Urug (D:10)
  3 orc high priests (Orc:2)
  A soul eater (Depths:2)
  2 shock serpents (shapeshifter)
  A thrashing horror (Gauntlet)
  Nergalle (Lair:2)
  8 hell knights
  4 skysharks
  14 sea snakes
  A storm dragon zombie (Vaults:5)
  A sixfirhy (Depths:3)
  2 sun moths
  10 pharaoh ants
  5 skeletal warriors (D:14)
  A goliath frog (Shoals:1)
  8 iron trolls
  A skyshark (shapeshifter) (Vaults:5)
  An orb spider (shapeshifter) (Vaults:4)
  4 glowing orange brains (Depths:3)
  An orange crystal statue (IceCv)
  55 deep trolls
  8 orb spiders
  A shadow demon (Depths:2)
  2 flayed ghosts
  24 ironbound convokers
  A golden dragon skeleton (Depths:1)
  A lindwurm (shapeshifter) (Vaults:5)
  4 steelbarb worms
  5 phantasmal warriors (Vaults:5)
  12 arcanists
  9 necromancers
  4 wolf spider zombies
  A human zombie (Vaults:5)
  18 orc knights
  17 harpies
  42 ugly things
  4 deep elf pyromancers
  2 lindwurms (Vaults:2)
  7 cyclopes
  15 manticores
  A tengu skeleton (Vaults:4)
  24 wolf spiders
  A deep elf zephyrmancer (D:15)
  3 orc sorcerers
  2 shining eyes
  A shining eye (shapeshifter) (Vaults:5)
  3 oklob plants (Lair:4)
  A worldbinder (Gauntlet)
  2 elephants (shapeshifter)
  14 fauns
  31 moths of wrath
  3 salamanders (Depths:1)
  A shadow dragon skeleton (Vaults:5)
  Maurice (D:11)
  A frost giant skeleton (Vaults:4)
  6 centaur zombies (D:14)
  26 elephants
  A kobold blastminer (Orc:2)
  A fire giant skeleton (Vaults:4)
  A black mamba (shapeshifter) (Vaults:5)
  19 merfolk sirens
  Joseph (D:10)
  2 black mambas
  4 ice statues
  A storm dragon simulacrum (Zot:3)
  2 eyes of devastation (Depths:1)
  10 torpor snails
  3 gargoyles
  10 water nymphs
  12 vault sentinels
  2 unseen horrors
  6 cane toads
  Jeremiah (Lair:1)
  A hellion (Depths:1)
  2 centaur skeletons (D:15)
  A spriggan zombie (Depths:1)
  20 rime drakes
  2 kobold demonologists
  3 freezing wraiths
  33 yaktaurs
  13 komodo dragons
  A tengu conjurer (Depths:4)
  2 ice devils (Lair:4)
  3 red devils (Orc:1)
  Psyche (D:10)
  4 guardian mummies (Depths:2)
  A golden dragon simulacrum (Depths:1)
  3 trolls
  32 merfolk
  A tengu simulacrum (Vaults:5)
  7 wind drakes
  4 meliai
  A merfolk (shapeshifter) (Vaults:5)
  6 hornets
  23 polar bears
  36 tarantellas
  5 dream sheep
  A raiju (shapeshifter) (Vaults:5)
  13 snapping turtles
  13 blink frogs (Lair:5)
  A jumping spider (shapeshifter) (Depths:1)
  44 slime creatures
  5 glass eyes
  26 jumping spiders
  19 culicivoras
  A slime creature (shapeshifter) (Vaults:5)
  7 spriggans
  An ettin skeleton (Depths:1)
  2 shadows
  12 water elementals
  Sigmund (D:2)
  4 vampires
  6 wraiths
  Grum (D:10)
  2 yaks (shapeshifter)
  3 small abominations (Gauntlet)
  An alligator snapping turtle simulacrum (Depths:1)
  5 basilisks
  4 humans (D:14)
  3 wyverns
  55 yaks
  A hog (shapeshifter) (D:15)
  A golden eye (Gauntlet)
  A black draconian simulacrum (Zot:3)
  2 yellow draconian simulacra (Zot:3)
  51 redbacks
  4 hogs (D:12)
  6 vampire mosquitoes
  2 steam dragons
  A yaktaur simulacrum (Vaults:5)
  5 wargs
  2 acid dragons
  2 hydra simulacra (Depths:1)
  12 water moccasins
  An ogre skeleton (Vaults:5)
  A swamp drake (shapeshifter) (D:15)
  An ice beast (D:8)
  35 orc warriors
  A sky beast (D:7)
  A hornet zombie (D:15)
  18 wolves
  5 centaurs
  2 human skeletons
  9 ogres
  4 boggarts
  6 kobold brigands
  A phantom (D:5)
  9 bullfrogs
  A deep troll simulacrum (Depths:1)
  2 gnoll sergeants
  2 scorpions
  14 killer bees
  3 snapping turtle simulacra (Depths:1)
  2 howler monkeys
  4 electric eels
  A gnoll bouda (D:6)
  7 hounds
  2 jellies
  19 orc priests
  2 sleepcaps
  2 boggart zombies (D:14)
  An iguana (D:6)
  21 orc wizards
  A spriggan simulacrum (Lair:4)
  5 hell rats
  A polar bear simulacrum (Lair:4)
  A wolf simulacrum (Lair:4)
  A mummy (Depths:2)
  12 gnolls
  11 adders
  2 naga simulacra (Lair:4)
  A shadow imp (D:6)
  2 white imps
  2 ufetubi (D:6)
  A worm (D:3)
  A dart slug (D:1)
  109 orcs
  4 bats
  2 endoplasms (D:3)
  A giant cockroach (D:4)
  13 goblins
  10 hobgoblins
  5 jackals
  12 kobolds
  8 quokkas
  6 ball pythons
  2 frilled lizards (D:1)
  15 rats
  3 aspiring fleshes
  2 butterflies (Lair:2)
  A spectral weapon (Depths:3)
  5 tentacles (Shoals:2)
2129 creatures vanquished.

Vanquished Creatures (others)
  A Killer Klown (Zot:5)
  A manticore (Shoals:2)
  2 orc wizards (Orc:2)
  15 spectral weapons
  7 tentacles (Shoals:2)
26 creatures vanquished.

Grand Total: 2155 creatures vanquished

Table legend:
 A = Non-vault XP
 B = Vault XP
 C = Vault XP percentage of total XP
 D = Non-vault monster count
 E = Vault monster count
 F = Vault count percentage of total count
                 A         B        C        D         E       F
            +---------+---------+-------+---------+---------+-------
      Total |  702414 |  559777 |  44.3 |    1343 |     777 |  36.7
            +---------+---------+-------+---------+---------+-------
        D:1 |      40 |       0 |   0.0 |      22 |       0 |   0.0
        D:2 |      79 |     222 |  73.8 |      20 |       9 |  31.0
        D:3 |     109 |      12 |   9.9 |      17 |       6 |  26.1
        D:4 |     401 |       0 |   0.0 |       8 |       0 |   0.0
        D:5 |     899 |      94 |   9.5 |      15 |       2 |  11.8
        D:6 |     359 |       0 |   0.0 |      20 |       0 |   0.0
        D:7 |     935 |       0 |   0.0 |      22 |       0 |   0.0
        D:8 |     391 |     978 |  71.4 |      13 |       3 |  18.8
        D:9 |    1854 |       0 |   0.0 |      18 |       0 |   0.0
       D:10 |    5259 |    2265 |  30.1 |      30 |      17 |  36.2
       D:11 |    5580 |    1409 |  20.2 |      21 |       3 |  12.5
       D:12 |    4814 |   10496 |  68.6 |      20 |      18 |  47.4
       D:13 |    9849 |    1078 |   9.9 |      25 |       1 |   3.8
       D:14 |    6532 |   16008 |  71.0 |      19 |      31 |  62.0
       D:15 |   20711 |   10620 |  33.9 |      43 |      30 |  41.1
     Lair:1 |    3831 |     388 |   9.2 |      17 |       1 |   5.6
     Lair:2 |   10209 |     773 |   7.0 |      32 |       1 |   3.0
     Lair:3 |    3619 |    5767 |  61.4 |      24 |      16 |  40.0
     Lair:4 |    6848 |    5481 |  44.5 |      17 |      20 |  54.1
     Lair:5 |   15824 |    7484 |  32.1 |      40 |      19 |  32.2
   Shoals:1 |   16062 |    5174 |  24.4 |      31 |       7 |  18.4
   Shoals:2 |   17596 |    4779 |  21.4 |      30 |       5 |  14.3
   Shoals:3 |   14992 |   13078 |  46.6 |      29 |      23 |  44.2
   Shoals:4 |   10820 |   21711 |  66.7 |      27 |      39 |  59.1
   Spider:1 |   13815 |    1246 |   8.3 |      30 |       6 |  16.7
   Spider:2 |   27762 |       0 |   0.0 |      70 |       0 |   0.0
   Spider:3 |   12827 |     893 |   6.5 |      34 |       2 |   5.6
   Spider:4 |   21115 |   34262 |  61.9 |      39 |      56 |  58.9
      Orc:1 |    2240 |    1984 |  47.0 |      28 |       5 |  15.2
      Orc:2 |    4459 |   10018 |  69.2 |      64 |      30 |  31.9
   Vaults:1 |   14635 |   13616 |  48.2 |      24 |      19 |  44.2
   Vaults:2 |   28403 |   35333 |  55.4 |      36 |      36 |  50.0
   Vaults:3 |   24986 |   23590 |  48.6 |      43 |      23 |  34.8
   Vaults:4 |   37310 |   37178 |  49.9 |      49 |      43 |  46.7
   Vaults:5 |   25926 |   92454 |  78.1 |      45 |      81 |  64.3
   Depths:1 |   18614 |   20420 |  52.3 |      28 |      29 |  50.9
   Depths:2 |   39563 |   13073 |  24.8 |      42 |      14 |  25.0
   Depths:3 |   31244 |   35095 |  52.9 |      38 |      32 |  45.7
   Depths:4 |   47663 |   18007 |  27.4 |      47 |      16 |  25.4
      Zot:1 |   38518 |   28679 |  42.7 |      35 |      24 |  40.7
      Zot:2 |   36079 |       0 |   0.0 |      28 |       0 |   0.0
      Zot:3 |   48951 |    4421 |   8.3 |      45 |       5 |  10.0
      Zot:4 |   48456 |   14777 |  23.4 |      40 |      10 |  20.0
      Zot:5 |   22235 |   36106 |  61.9 |      18 |      14 |  43.8
     Bailey |       0 |    2733 | 100.0 |       0 |      23 | 100.0
      IceCv |       0 |   24189 | 100.0 |       0 |      47 | 100.0
   Gauntlet |       0 |    3886 | 100.0 |       0 |      11 | 100.0
            +---------+---------+-------+---------+---------+-------

Skill      XL: |  1  2  3  4  5  6  7  8  9 10 11 12 13 14 15 16 17 18 19 20 21 22 23 24 25 26 27 |
---------------+----------------------------------------------------------------------------------+-----
Axes           | 3 4 5 6 7 10 14 16 17 19 20 21 22 23 24 25 26 27 | 27.0
Fighting       | 4 5 6 10 12 14 15 16 17 18 19 20 21 22 | 22.0
Armour         | 4 5 6 9 12 13 14 15 16 17 18 19 20 | 20.8
Dodging        | 1 2 4 5 8 10 12 13 14 15 16 17 | 17.9
Shields        | 9 12 14 15 16 17 18 19 20 21 | 21.5
Invocations    | 9 14 15 16 18 19 20 21 22 23 | 23.8
Evocations     | 2 8 |  8.0

Action                     |  1- 3 |  4- 6 |  7- 9 | 10-12 | 13-15 | 16-18 | 19-21 | 22-24 | 25-27 || total
---------------------------+-------+-------+-------+-------+-------+-------+-------+-------+-------++-------
  Melee: War axe           |   104 |   121 |   239 |   316 |   632 |  1016 |  1163 |  1147 |   821 ||  5559
         Headbutt          |       |       |       |       |       |       |       |       |   138 ||   138
 Invoke: Upheaval          |       |       |       |     5 |     4 |       |       |     1 |       ||    10
         Disaster Area     |       |       |       |       |       |       |     1 |       |       ||     1
         Elemental Force   |       |       |       |       |       |       |       |     1 |       ||     1
  Evoke: Wand              |       |       |     7 |       |       |       |       |     1 |       ||     8
    Use: Scroll            |       |    10 |    11 |     5 |     2 |     9 |     2 |    12 |     3 ||    54
         Potion            |       |     2 |       |     1 |       |     1 |       |       |     5 ||     9
   Stab: Held in net/web   |       |       |       |       |       |       |     1 |       |       ||     1
         Distracted        |       |       |       |       |       |       |       |     9 |       ||     9
 Armour: Scale mail        |    52 |    67 |   116 |    95 |    16 |       |       |       |       ||   346
         Chain mail        |       |       |       |       |    34 |       |       |       |       ||    34
         Ring mail         |       |       |       |       |   103 |   242 |   251 |       |       ||   596
         Plate armour      |       |       |       |       |       |       |    33 |   297 |   370 ||   700
  Dodge: Dodged            |    40 |    54 |   103 |   118 |   140 |   358 |   233 |   215 |   150 ||  1411
         Repelled          |       |       |     1 |       |     4 |     6 |     5 |    16 |    13 ||    45
  Block: Buckler           |    26 |    32 |   104 |   107 |       |       |       |       |       ||   269
         Reflection        |       |       |     5 |     4 |    58 |    56 |   105 |    58 |    16 ||   302
         Tower shield      |       |       |       |   176 |  1000 |  1744 |  1716 |  1319 |  1080 ||  7035

Illustrated notes

Table legend:
 A = Kills in this place as a percentage of kills in the entire game.
 B = Kills by you in this place as a percentage of kills by you in the entire game.
 C = Kills by friends in this place as a percentage of kills by friends in the entire game.
 D = Other kills in this place as a percentage of other kills in the entire game.
 E = Experience gained in this place as a percentage of experience gained in the entire game.
 F = Experience gained in this place divided by the number of levels of this place that you have seen.
                   A       B       C       D       E      F
               +-------+-------+-------+-------+-------+----------------------
         Total | 100.0 | 100.0 |   N/A | 100.0 | 100.0 | 26295.6
       Dungeon |  20.4 |  20.4 |   N/A |   0.0 |   8.0 | 6732.9
          Lair |   8.8 |   8.8 |   N/A |   0.0 |   4.8 | 12044.8
        Shoals |   9.0 |   9.0 |   N/A |  50.0 |   8.3 | 26053.0
   Spider Nest |  11.2 |  11.2 |   N/A |   0.0 |   8.9 | 27980.0
  Orcish Mines |   6.0 |   6.0 |   N/A |   0.0 |   1.5 | 9350.5
        Vaults |  18.8 |  18.8 |   N/A |   0.0 |  26.4 | 66686.2
        Depths |  11.6 |  11.6 |   N/A |   0.0 |  17.7 | 55919.8
           Zot |  10.3 |  10.3 |   N/A |  50.0 |  22.0 | 55644.4
        Bailey |   1.1 |   1.1 |   N/A |   0.0 |   0.2 | 2733.0
      Ice Cave |   2.2 |   2.2 |   N/A |   0.0 |   1.9 | 24189.0
      Gauntlet |   0.5 |   0.5 |   N/A |   0.0 |   0.3 | 3886.0
               +-------+-------+-------+-------+-------+----------------------

Table legend: (Time is in decaauts)
 A = Elapsed time spent in this place.
 B = Non-inter-level travel time spent in this place.
 C = Inter-level travel time spent in this place.
 D = Time resting spent in this place.
 E = Time spent auto-exploring this place.
 F = Levels seen in this place.
 G = Mean time per level.
                   A        B        C        D        E       F      G
               +--------+--------+--------+--------+--------+-----+--------+
         Total |  49564 |  46905 |   2659 |   1747 |  35414 |  48 | 1032.6 |
       Dungeon |  14716 |  13560 |   1156 |    442 |  10676 |  15 |  981.1 |
        Temple |      1 |      0 |      1 |      0 |      0 |   1 |    1.0 |
          Lair |   6093 |   5739 |    354 |    303 |   4569 |   5 | 1218.6 |
        Shoals |   3791 |   3595 |    196 |     66 |   2589 |   4 |  947.8 |
   Spider Nest |   4550 |   4313 |    237 |    362 |   3065 |   4 | 1137.5 |
  Orcish Mines |   1588 |   1500 |     88 |      0 |   1173 |   2 |  794.0 |
        Vaults |   6704 |   6381 |    323 |    213 |   4673 |   5 | 1340.8 |
        Depths |   4852 |   4778 |     74 |     98 |   3708 |   4 | 1213.0 |
           Zot |   4900 |   4674 |    226 |    210 |   3394 |   5 |  980.0 |
        Bailey |    716 |    716 |      0 |     33 |    467 |   1 |  716.0 |
      Ice Cave |   1200 |   1200 |      0 |     19 |    918 |   1 | 1200.0 |
      Gauntlet |    450 |    450 |      0 |      0 |    181 |   1 |  450.0 |
               +--------+--------+--------+--------+--------+-----+--------+

Top non-repeatable levels by time:
Spider:4: 1853 daAuts
Vaults:4: 1710 daAuts
Vaults:5: 1648 daAuts
   Zot:4: 1596 daAuts
     D:4: 1499 daAuts
Spider:2: 1344 daAuts
  Lair:5: 1341 daAuts
Depths:2: 1332 daAuts
     D:5: 1313 daAuts
  Lair:3: 1301 daAuts
Depths:1: 1295 daAuts
Vaults:3: 1276 daAuts
  Lair:2: 1206 daAuts
   IceCv: 1200 daAuts
  Lair:4: 1195 daAuts
